 Dungeon Crawl Stone Soup version 0.22-a0-603-gfc1114d (webtiles) character file.

275 Mamutox the Cudgeler (level 6, -12/62 HPs)
             Began as a Troll Berserker on July 7, 2018.
             Was a Believer of Trog.
             Mangled by an ogre
             ... wielding a +0 giant club
              (22 damage)
             ... on level 4 of the Dungeon.
             The game lasted 00:06:13 (2474 turns).

Mamutox the Cudgeler (Troll Berserker)              Turns: 2474, Time: 00:06:14

Health: -12/62     AC:  5    Str: 26    XL:     6   Next: 3%
Magic:  5/5        EV: 11    Int:  3    God:    Trog [**....]
Gold:   130        SH:  0    Dex: 11    Spells: 5/5 levels left

rFire    . . .     SeeInvis .   a - +0 mace
rCold    . . .     Gourm    +   (no shield)
rNeg     . . .     Faith    .   b - +0 animal skin
rPois    .         Spirit   .   (helmet restricted)
rElec    .         Reflect  .   (no cloak)
rCorr    .         Harm     .   (gloves unavailable)
MR       ++...                  (boots unavailable)
Stlth    +.........             (no amulet)
HPRegen  1.60/turn              (no ring)
MPRegen  0.09/turn              (no ring)

@: lethally poisoned (-12 -> -12), berserk cooldown, regenerating, slowed, very
slow
A: large, unfitting armour, claws 3, fast metabolism 3, gourmand, regeneration
1, shaggy fur 1, tough skin 2
a: Berserk, Trog's Hand, Renounce Religion


You were on level 4 of the Dungeon.
You worshipped Trog.
Trog was pleased with you.
You were very full.

You visited 1 branch of the dungeon, and saw 4 of its levels.

You collected 130 gold pieces.

Inventory:

Hand Weapons
 a - a +0 mace (weapon)
Armour
 b - a +0 animal skin (worn)
Jewellery
 m - a +2 ring of dexterity {unknown}
Scrolls
 e - 3 scrolls of remove curse {unknown}
 h - a scroll of random uselessness {unknown}
 i - 3 scrolls of teleportation {unknown}
 j - 2 scrolls of blinking {unknown}
 l - 2 scrolls of fear {unknown}
 r - a scroll of enchant weapon {unknown}
 u - a scroll of amnesia {unknown}
Potions
 d - 3 potions of brilliance {unknown}
 f - a potion of haste {unknown}
 g - 2 potions of curing {unknown}
 k - a potion of invisibility {unknown}
 n - a potion of mutation {unknown}
 p - a potion of might {unknown}
 q - a potion of ambrosia {unknown}
 s - a potion of agility {unknown}
 t - a potion of flight {unknown}
Comestibles
 c - 6 rations


   Skills:
 + Level 3.7 Fighting
 + Level 4.2 Maces & Flails
 + Level 3.7 Dodging
 - Level 0.1 Stealth


You had 5 spell levels left.
You didn't know any spells.
Your spell library was empty.

Dungeon Overview and Level Annotations

Branches:
Dungeon (4/15)
 Temple: D:4-7

Altars:
Qazlal


Innate Abilities, Weirdness & Mutations

You are too large for most types of armour.
You have claws for hands.
Your metabolism is lightning-fast.
You like to eat raw meat.
Your natural rate of healing is unusually fast.
You are covered in fur. (AC +1)
You have very tough skin. (AC +2)


Message History

The worm bites you!
You sock the worm!
The worm is almost dead.
You feel sick. The worm bites you!
You hit the worm but do no damage.
The worm is almost dead.
You feel sick. The worm barely misses you. The ogre barely misses you.
You hit the worm.
The worm is almost dead.
The worm bites you. The ogre barely misses you. The worm barely misses you.
You're still recovering from your berserk rage.
You feel sick. The ogre hits you with a giant club!
There is an open door here.
Your skin crawls.
You feel resistant to hostile enchantments.
You feel somewhat less full. The ogre hits you with a giant club!!
* * * LOW HITPOINT WARNING * * *
You feel the effects of Trog's Hand fading.
You feel sick. The ogre hits you with a giant club!!
You die...

############
..........#
.......... ######
#......... #....#
#.........
####....####.........
#..'....')@Ow........
#.##....####.........
#..........+.........
#..#....#..#.........
#.....<....#.........
#...#####..########+#
#..........##
#...........#
#............#


You could see an ogre and a worm.

Vanquished Creatures
  A sky beast (D:2)
  A scorpion (D:4)
  Terence (D:2)
  4 adders
  2 worms (D:2)
  3 leopard geckos
  An orc (D:4)
  A ball python (D:3)
  4 giant cockroaches
  6 goblins
  10 hobgoblins
  2 jackals (D:3)
  7 kobolds
  4 quokkas (D:3)
  8 bats
  2 frilled lizards
  10 rats
67 creatures vanquished.

Notes
Turn   | Place    | Note
-------+----------+-------------------------------------------
     0 | D:1      | Mamutox the Troll Berserker began the quest for the Orb.
     0 | D:1      | Reached XP level 1. HP: 22/22 MP: 0/0
   211 | D:1      | Reached XP level 2. HP: 23/29 MP: 1/1
   276 | D:1      | Reached skill level 3 in Maces & Flails
   754 | D:1      | Reached XP level 3. HP: 36/36 MP: 2/2
  1154 | D:2      | Noticed a sky beast
  1173 | D:2      | Killed a sky beast
  1173 | D:2      | Reached XP level 4. HP: 13/45 MP: 3/3
  1412 | D:2      | Reached ** piety under Trog
  1424 | D:2      | Reached XP level 5. HP: 48/53 MP: 4/4
  1623 | D:2      | Noticed Terence
  1630 | D:2      | Killed Terence
  1937 | D:3      | Reached skill level 4 in Maces & Flails
  2291 | D:3      | Found a stormy altar of Qazlal.
  2459 | D:4      | Reached XP level 6. HP: 62/62 MP: 5/5
  2474 | D:4      | Mangled by an ogre

Vault maps used:
D:1:      dpeg_arrival_shrine, hex_large, minmay_door_square, st_stairs_8
D:2:      uniq_terence
D:3:      lemuel_doored_altar

Skill      XL: |  1  2  3  4  5 |
---------------+----------------+-----
Maces & Flails | 3 4 |  4.2
Fighting       | 3 |  3.7
Dodging        | 3 |  3.7
Stealth        | |  0.1

Action                   |  1- 3 |  4- 6 || total
-------------------------+-------+-------++-------
Melee: Mace              |    94 |   138 ||   232
Invok: Berserk           |     1 |     4 ||     5
       Trog's Hand       |       |     1 ||     1
 Stab: Sleeping          |     3 |       ||     3
  Eat: Chunk             |    12 |    20 ||    32
Armor: Animal skin       |    53 |    57 ||   110
Dodge: Dodged            |    58 |    91 ||   149

Table legend:
 A = Spawn XP
 B = Non-spawn XP
 C = Spawn XP percentage of total XP
 D = Spawn monster count
 E = Non-spawn monster count
 F = Spawn count percentage of total count
 G = Total turns spent on level
                    A         B        C        D         E        F      G
               +---------+---------+-------+---------+---------+-------+---------
         Total |       0 |     393 |   0.0 |       0 |      67 |   0.0 |  2474
               +---------+---------+-------+---------+---------+-------+---------
           D:1 |       0 |      44 |   0.0 |       0 |      25 |   0.0 |  1154
           D:2 |       0 |     223 |   0.0 |       0 |      17 |   0.0 |   688
           D:3 |       0 |      38 |   0.0 |       0 |      22 |   0.0 |   572
           D:4 |       0 |      88 |   0.0 |       0 |       3 |   0.0 |    60
               +---------+---------+-------+---------+---------+-------+---------
